 Dungeon Crawl Stone Soup version 0.23.2-1-ga50397a (webtiles) character file.

Game seed: 15569828329468239800

237 HASTUR3 the Magician (level 5, 0/28 HPs)
             Began as a Deep Elf Wizard on May 22, 2019.
             Succumbed to an adder's poison
             ... on level 3 of the Dungeon on May 23, 2019.
             The game lasted 00:15:11 (2369 turns).

HASTUR3 the Magician (Deep Elf Wizard)              Turns: 2369, Time: 00:15:12

Health: 0/28       AC:  2    Str:  4    XL:     5   Next: 77%
Magic:  1/14       EV: 13    Int: 29    God:
Gold:   107        SH:  0    Dex: 13    Spells: 1/14 levels left

rFire    . . .     SeeInvis .   m - +0 dagger
rCold    . . .     Gourm    .   (no shield)
rNeg     . . .     Faith    .   a - +0 robe
rPois    .         Spirit   .   b - +0 hat
rElec    .         Reflect  .   (no cloak)
rCorr    .         Harm     .   (no gloves)
MR       .....                  (no boots)
Stlth    ++........             (no amulet)
HPRegen  0.09/turn              (no ring)
MPRegen  0.14/turn              (no ring)

@: brilliant, lethally poisoned (0 -> -11), flying, hasted, very quick
A: no striking features
a: no special abilities


You were on level 3 of the Dungeon.
You were not hungry.

You visited 1 branch of the dungeon, and saw 3 of its levels.

You collected 107 gold pieces.

Inventory:

Hand Weapons
 m - a +0 dagger (weapon)
Armour
 a - a +0 robe (worn)
 b - a +0 hat (worn)
Jewellery
 g - a cursed ring of teleportation {unknown}
Scrolls
 c - a scroll of remove curse {unknown}
 e - 2 scrolls of teleportation {unknown}
 h - 5 scrolls of identify {unknown}
 k - 2 scrolls of amnesia {unknown}
Potions
 l - a potion of heal wounds {unknown}
Comestibles
 d - 6 rations
 n - 2 chunks of flesh


   Skills:
 - Level 2.4 Dodging
 - Level 2.4 Stealth
 - Level 5.4 Spellcasting
 + Level 3.2 Conjurations
 - Level 2.3 Hexes
 - Level 2.1 Summonings
 - Level 2.2 Translocations
 - Level 2.1 Fire Magic
 * Level 1.0 Air Magic
 * Level 1.0 Poison Magic


You had one spell level left.
You knew the following spells:

 Your Spells              Type           Power        Failure   Level  Hunger
a - Magic Dart            Conj           ####         1%          1    None
b - Blink                 Tloc           N/A          1%          2    None
c - Call Imp              Summ           #####...     1%          2    None
d - Slow                  Hex            #####...     1%          2    None
e - Conjure Flame         Conj/Fire      #####...     1%          3    None
f - Mephitic Cloud        Conj/Pois/Air  #####...     1%          3    None

Your spell library contained the following spells:

 Spells                   Type           Power        Failure   Level  Hunger


Dungeon Overview and Level Annotations

Branches:
Dungeon (3/15)

Altars:
Trog


Message History

You see here a stone.
It was a potion of brilliance.
You feel clever all of a sudden. The adder bites you.
* * * LOW HITPOINT WARNING * * *
You are lethally poisoned!
The adder poisons you! The giant cockroach closely misses you.
Your crimson imp closely misses the adder.
It was a potion of flight.
You feel very buoyant.
You fly up into the air.
* * * LOW HITPOINT WARNING * * *
You feel sick. The adder bites you.
* * * LOW HITPOINT WARNING * * *
You are more poisoned.
The adder poisons you! The giant cockroach closely misses you.
The adder barely misses you.
Your crimson imp barely misses the adder.
It was a potion of haste.
You feel yourself speed up.
You die...

.........รท# #...#...#.#
..........# ##
##############.#########
.###.##....######.........#
.....).............'......+
.....##.....########......#####
..............................###
###.............@S...g...........
#.............s.5..............
###..............................
.......................(.).......
..............)......o.).........
..................)..............
.(#................##...###.w.##.
..#...............###.#.# .#.#
..#...............# #...# ...#


You could see an orc priest, an adder, a giant cockroach, a goblin and a
friendly crimson imp.

Vanquished Creatures
  A howler monkey (D:3)
  2 adders (D:3)
  A dart slug (D:1)
  2 leopard geckos
  2 bats
  4 giant cockroaches
  7 goblins
  7 hobgoblins
  7 kobolds
  A quokka (D:3)
  2 frilled lizards
  7 rats
43 creatures vanquished.

Vanquished Creatures (collateral kills)
  Grinder (D:3)
  A hound (D:3)
2 creatures vanquished.

Grand Total: 45 creatures vanquished

Notes
Turn   | Place    | Note
-------+----------+-------------------------------------------
     0 | D:1      | HASTUR3 the Deep Elf Wizard began the quest for the Orb.
     0 | D:1      | Reached XP level 1. HP: 10/10 MP: 7/7
   216 | D:1      | Reached XP level 2. HP: 15/15 MP: 7/9
   447 | D:1      | Learned a level 2 spell: Blink
   450 | D:1      | Learned a level 2 spell: Call Imp
   453 | D:1      | Learned a level 2 spell: Slow
   636 | D:1      | Reached skill level 5 in Spellcasting
  1188 | D:2      | Reached skill level 1 in Hexes
  1195 | D:2      | Reached XP level 3. HP: 19/19 MP: 2/11
  1835 | D:2      | Learned a level 3 spell: Conjure Flame
  2119 | D:3      | Reached XP level 4. HP: 24/24 MP: 8/13
  2149 | D:3      | Noticed Grinder
  2242 | D:3      | Killed Grinder
  2242 | D:3      | Reached XP level 5. HP: 25/28 MP: 6/14
  2247 | D:3      | Learned a level 3 spell: Mephitic Cloud
  2252 | D:3      | Found a bloodstained altar of Trog.
  2310 | D:3      | Reached skill level 1 in Poison Magic
  2334 | D:3      | Reached skill level 1 in Air Magic
  2368 | D:3      | HP: 1/28 [adder (2)]
  2369 | D:3      | Succumbed to an adder's poison

Skill      XL: |  1  2  3  4  5 |
---------------+----------------+-----
Conjurations   | 2 3 |  3.2
Spellcasting   | 5 |  5.4
Hexes          | 1 2 |  2.3
Summonings     | 2 |  2.1
Translocations | 2 |  2.2
Fire Magic     | 2 |  2.1
Poison Magic   | 1 |  1.0
Air Magic      | 1 |  1.0
Dodging        | |  2.4
Stealth        | |  2.4

Action                   |  1- 3 |  4- 6 || total
-------------------------+-------+-------++-------
Melee: Dagger            |     9 |     1 ||    10
 Cast: Magic Dart        |    89 |    15 ||   104
       Slow              |     9 |       ||     9
       Call Imp          |     2 |     6 ||     8
       Blink             |     2 |       ||     2
       Conjure Flame     |     1 |     1 ||     2
       Mephitic Cloud    |       |     1 ||     1
  Use: Potion            |       |     3 ||     3
 Stab: Sleeping          |     1 |       ||     1
  Eat: Chunk             |     3 |     1 ||     4
Armor: Robe              |     6 |       ||     6
Dodge: Dodged            |    16 |    10 ||    26
